 Dungeon Sprint DCSS version 0.28-a0-852-gbbce81c95b (webtiles) character file.

Game seed: 12295165026596423297

2502 Conn the Arsonist (level 9, -1/55 HPs)
             Began as an Octopode Fire Elementalist on Nov 15, 2021.
             Was a Follower of Sif Muna.
             Shot with an arrow by a centaur warrior (8 damage)
             ... in the Dungeon (Sprint II: "The Violet Keep of Menkaure").
             The game lasted 00:09:46 (364 turns).

Conn the Arsonist (Octopode Fire Elementalist)       Turns: 364, Time: 00:09:46

Health: -1/55      AC:  5    Str: 12    XL:     9   Next: 53%
Magic:  0/22       EV: 15    Int: 19    God:    Sif Muna [*.....]
Gold:   22         SH:  8    Dex: 12    Spells: 13/26 levels left

rFire   . . .      SeeInvis .   e - +9 great sword of Caguowua {vorpal, Will+}
rCold   . . .      Faith    .   (shield currently unavailable)
rNeg    . . .      Spirit   +   (helmet restricted)
rPois   +          Reflect  .   c - brooch of Shielding {Spirit SH+8}
rElec   .          Harm     .   b - ring "Katyv" {rPois Will+ AC+4 Str+3}
rCorr   .          Rampage  .   (no ring)
Will    ++...      NoTele   +   (no ring)
Stlth   +++++.....              (no ring)
HPRegen 0.18/turn               (no ring)
MPRegen 0.18/turn               (no ring)
                                (no ring)
                                (no ring)

@: no status effects
A: almost no armour, amphibious, 8 rings, camouflage 1, gelatinous body 1,
(nimble swimmer 1), tentacles, screaming 1
a: Renounce Religion, Channel Magic


You were in the Dungeon.
You worshipped Sif Muna.
Sif Muna was aware of your devotion.
You visited 1 branch You collected 2037 gold pieces.
You spent 2015 gold pieces at shops.

Inventory:

Hand Weapons
 e - the +9 great sword of Caguowua (weapon) {vorpal, Will+}
   (You bought it in a shop in the Dungeon)

   It inflicts extra damage upon your enemies.
   Will:      It increases your willpower.
Jewellery
 b - the ring "Katyv" (left tentacle) {rPois Will+ AC+4 Str+3}
   (You bought it in a shop in the Dungeon)

   [ring of protection]

   AC:        It affects your AC (+4).
   Str:       It affects your strength (+3).
   rPois:     It protects you from poison.
   Will:      It increases your willpower.
 c - the brooch of Shielding (around mantle) {Spirit SH+8}
   (You bought it in a shop in the Dungeon)

   [amulet of guardian spirit]

   It causes incoming damage to be divided between your reserves of health and
   magic.
   SH:        It affects your SH (+8).
Potions
 a - a potion of curing


   Skills:
 + Level 2.6 Fighting
 + Level 1.5 Long Blades
 + Level 7.0 Dodging
 + Level 8.1 Stealth
 + Level 9.1 Unarmed Combat
 + Level 9.1 Spellcasting
 + Level 4.9 Conjurations
 + Level 1.1 Hexes
 + Level 13.5 Fire Magic


You had 13 spell levels left.
You knew the following spells:

 Your Spells              Type           Power      Damage    Failure   Level
a - Foxfire               Conj/Fire      100%       2x1d9     1%          1
b - Conjure Flame         Conj/Fire      43%        6-21      1%          3
c - Inner Flame           Hex/Fire       36%        N/A       1%          3
d - Flame Wave            Conj/Fire      43%        3d9       1%          4
e - Scorch                Fire           100%       2d10      1%          2

Your spell library contained the following spells:

 Spells                   Type           Power      Damage    Failure   Level


Dungeon Overview and Level Annotations

Branches:
Dungeon (1/1)

Altars:
Cheibriados
Dithmenos
Elyvilon
Fedhas
Gozag
Hepliaklqana
Kikubaaqudgha
Makhleb
Nemelex Xobeh
Okawaru
Qazlal
Ru
Sif Muna
Trog
Uskayaw
Vehumet
Wu Jian
Xom
Yredelemnul
Zin
The Shining One
Beogh
Jiyva
Lugonu

Shops:
D ==:!:?(?![[:!![

Annotations:
D exclusions: oklob plant and orange crystal statue, Kirke


Innate Abilities, Weirdness & Mutations

You cannot wear most types of armour.
You are amphibious.
You can wear up to eight rings at the same time.
Your skin changes colour to match your surroundings (Stealth+).
Your rubbery body absorbs attacks. (AC +1, EV +1)
((You are camouflaged near water. (Stealth+)))
You have tentacles for arms and can constrict up to eight enemies at once.
You occasionally shout uncontrollably at your foes.


Message History

You destroy the skeletal warrior!
Sif Muna accepts your kill.
You can now call upon Sif Muna for magical energy.
You hear a splash.
Your Fighting skill increases to level 2!
Your Long Blades skill increases to level 1!
Your Dodging skill increases to level 7!
Your Stealth skill gained 2 levels and is now at level 8!
Your Unarmed Combat skill gained 2 levels and is now at level 9!
Your Spellcasting skill gained 2 levels and is now at level 9!
Your Conjurations skill gained 2 levels and is now at level 4!
Your Hexes skill increases to level 1!
Your Fire Magic skill increases to level 13!
You have reached level 9!
Your experience leads to an increase in your attributes!
Your base attributes are Str 9, Int 18, Dex 12.
Increase (S)trength, (I)ntelligence, or (D)exterity?
You feel clever.
Unknown command.
Really swim into a travel-excluded area?
You are engulfed in a cloud of scalding steam.
You are engulfed in a cloud of scalding steam.
Things that are here:
a +0 arbalest; 13 bolts Kirke shouts!
The centaur warrior is engulfed in a cloud of scalding steam.
Kirke is engulfed in a cloud of scalding steam.
Kirke drinks a potion.
Kirke suddenly seems more resistant.
The centaur warrior wields a +0 longbow.
The centaur warrior shoots an arrow.
The arrow hits you!!
* * * LOW HITPOINT WARNING * * *
There is an open door here.
You close the door.
Something unseen opens the door.
You see here a necrophage skeleton.
There is an open door here.
Things that are here:
a necrophage skeleton; a necrophage skeleton The centaur warrior shoots an arrow.
The arrow hits you!
You die...

.....∩.#≈≈≈≈##.####c#### .###
∩...∩.∩#≈≈≈≈#.##..#.c..# ...#
.∩.∩.∩.#≈≈####...####.c## #..#
∩.∩.∩..#≈##.###÷###†##..# +..#
...∩...#≈#...##.####.#..# #..#
..⌠....'≈).#.'.<.'.##+..### ^.###
.......#≈#...##.##†..#....###...#
▓▓▓▓▓###≈##.###÷###.##......≈≈≈≈≈
SG######≈≈####.#@####@c...§.≈#'##
.S#! ##≈≈≈#..#..#≈)≈≈≈≈§§.≈#...


P[+$D #'#≈##...##≈≈≈≈≈≈≈≈.≈#_._ $. #†#≈≈##c##≈≈≈≈≈≈§≈≈≈≈#._. $!
####≈≈≈≈≈≈≈≈≈§§≈§§÷≈≈#_._ #+++#+++#≈§§≈≈≈≈≈≈#._. ≈°≈≈≈ ##≈≈§###≈§#_._
≈≈°≈○≈≈○≈##§≈# #§§#._. +≈≈≈≈≈8≈≈≈≈≈+≈≈# #§≈#.._ You could see a centaur warrior.

Vanquished Creatures
  A yaktaur captain (D)
  A skeletal warrior (D)
  A merfolk siren (D)
  4 neqoxecs (D)
  Menkaure (D)
  4 necrophages (D)
  A scorpion (D)
  3 worms (D)
16 creatures vanquished.

Vanquished Creatures (others)
  A water moccasin (D)
  39 foxfires (D)
40 creatures vanquished.

Grand Total: 56 creatures vanquished

Notes
Turn   | Place    | Note
-------+----------+-------------------------------------------
     0 | D        | Conn the Octopode Fire Elementalist began the quest for the
                  | Orb.
     0 | D        | Reached XP level 1. HP: 11/11 MP: 3/3
     1 | D        | Noticed a merfolk siren
     4 | D        | Noticed a neqoxec
     4 | D        | Noticed a neqoxec
     4 | D        | Noticed a neqoxec
     4 | D        | Noticed a neqoxec
    12 | D        | Killed a neqoxec
    13 | D        | Reached skill level 1 in Fighting
    13 | D        | Reached skill level 7 in Fire Magic
    13 | D        | Reached XP level 2. HP: 16/18 MP: 3/6
    13 | D        | Reached XP level 3. HP: 20/23 MP: 4/8
    13 | D        | Reached XP level 4. HP: 24/28 MP: 4/9
    13 | D        | Reached XP level 5. HP: 29/33 MP: 4/10
    15 | D        | Killed a neqoxec
    16 | D        | Reached skill level 5 in Stealth
    16 | D        | Reached skill level 5 in Unarmed Combat
    16 | D        | Reached skill level 8 in Fire Magic
    16 | D        | Reached XP level 6. HP: 28/38 MP: 4/13
    17 | D        | Gained mutation: You occasionally shout uncontrollably at
                  | your foes. [a neqoxec]
    23 | D        | Killed a neqoxec
    24 | D        | Reached skill level 5 in Spellcasting
    24 | D        | Reached skill level 9 in Fire Magic
    27 | D        | Killed a neqoxec
    28 | D        | Reached skill level 5 in Dodging
    28 | D        | Reached skill level 10 in Fire Magic
    28 | D        | Reached XP level 7. HP: 15/43 MP: 5/15
    44 | D        | Learned a level 3 spell: Conjure Flame
    48 | D        | Learned a level 3 spell: Inner Flame
    53 | D        | Learned a level 4 spell: Flame Wave
    56 | D        | Learned a level 2 spell: Scorch
    70 | D        | Reached skill level 11 in Fire Magic
    86 | D        | Noticed an ice statue
    91 | D        | Found Fank's Antique Armour Emporium.
    92 | D        | Found Xugack's Distillery.
    92 | D        | Found Vineros Ylui's Magic Scroll Shoppe.
    93 | D        | Found Cegra's Antique Weapon Shoppe.
    93 | D        | Found Dopunuto's Antique Armour Emporium.
    93 | D        | Found Xearuiho's Antique Armour Shoppe.
    94 | D        | Found Luup's Distillery.
    94 | D        | Found Qoladaw's Magic Scroll Emporium.
    94 | D        | Found Xixkewka's Book Shoppe.
    95 | D        | Found Luutivu's Distillery.
    97 | D        | Found Beariott's Book Emporium.
    97 | D        | Found Anwuev's Distillery.
    97 | D        | Noticed Menkaure
    97 | D        | Noticed an oklob plant
    98 | D        | Found Otey's Book Shoppe.
    98 | D        | Found Canwu's Jewellery Shoppe.
    98 | D        | Found Xeebloos's Jewellery Emporium.
   100 | D        | Noticed a great orb of eyes
   112 | D        | Killed Menkaure
   113 | D        | Reached XP level 8. HP: 45/50 MP: 14/18
   125 | D        | Noticed an ice dragon
   153 | D        | Killed a merfolk siren
   154 | D        | Reached skill level 12 in Fire Magic
   196 | D        | Noticed an orange crystal statue
   215 | D        | Bought a scroll of acquirement for 520 gold pieces
   215 | D        | Acquired 1050 gold pieces
   219 | D        | Bought the ring "Katyv" {rPois Will+ AC+4 Str+3} for 591
                  | gold pieces
   222 | D        | Bought the brooch of Shielding {Spirit SH+8} for 594 gold
                  | pieces
   222 | D        | Found the brooch of Shielding {Spirit SH+8}
   232 | D        | Bought a warped great sword for 310 gold pieces
   232 | D        | Identified the +9 great sword of Caguowua {vorpal, Will+}
                  | (You bought it in a shop in the Dungeon)
   262 | D        | Found a glowing golden altar of the Shining One.
   262 | D        | Found an ornate altar of the Wu Jian Council.
   262 | D        | Found a stormy altar of Qazlal.
   263 | D        | Found a shimmering altar of Xom.
   263 | D        | Found a sacrificial altar of Ru.
   263 | D        | Found a hazy altar of Hepliaklqana.
   264 | D        | Found a basalt altar of Yredelemnul.
   264 | D        | Found a shimmering blue altar of Sif Muna.
   264 | D        | Found a viscous altar of Jiyva.
   265 | D        | Found a glowing silver altar of Zin.
   265 | D        | Found a bloodstained altar of Trog.
   265 | D        | Found an ancient bone altar of Kikubaaqudgha.
   265 | D        | Found a snail-covered altar of Cheibriados.
   266 | D        | Found a hide-covered altar of Uskayaw.
   266 | D        | Found a corrupted altar of Lugonu.
   266 | D        | Found a shadowy altar of Dithmenos.
   267 | D        | Found a radiant altar of Vehumet.
   267 | D        | Found a burning altar of Makhleb.
   267 | D        | Found a white marble altar of Elyvilon.
   268 | D        | Found a sparkling altar of Nemelex Xobeh.
   268 | D        | Found a blossoming altar of Fedhas.
   270 | D        | Found an iron altar of Okawaru.
   270 | D        | Found an opulent altar of Gozag.
   275 | D        | Noticed a flying skull
   276 | D        | Became a worshipper of Sif Muna the Loreminder
   299 | D        | Noticed Kirke
   299 | D        | Noticed a yaktaur captain
   299 | D        | Noticed a skeletal warrior
   315 | D        | Noticed a kobold demonologist
   320 | D        | Noticed a centaur warrior
   346 | D        | Killed a yaktaur captain
   346 | D        | Killed a skeletal warrior
   346 | D        | Reached * piety under Sif Muna
   347 | D        | Reached skill level 1 in Long Blades
   347 | D        | Reached skill level 1 in Hexes
   347 | D        | Reached skill level 13 in Fire Magic
   347 | D        | Reached XP level 9. HP: 41/55 MP: 6/22
   364 | D        | Shot with an arrow by a centaur warrior

Illustrated notes

Levels and vault maps discovered:
D:        the_violet_keep_of_menkaure [sprint2_stairs_cluster_1,
          sprint2_shoproom, sprint2_temple, sprint2_basic_supplies,
          sprint2_obstacle_2, sprint2_obstacle_1, sprint2_obstacle_4,
          sprint2_obstacle_7, sprint2_obstacle_6, sprint2_timed_cluster_1,
          sprint2_smallroom_cluster_1, sprint2_smallroom_final_cluster_1,
          sprint2_transparent_cluster_1, sprint2_second_timed_cluster_1,
          sprint2_sniper_area_1, sprint2_heavy_combat_area_1,
          sprint2_mutation_trap_area_1, sprint2_forest_area_1,
          sprint2_light_combat_area_1, sprint2_behind_water_1,
          sprint2_near_end_vault_1]

Skill      XL: |  1  2  3  4  5  6  7  8 |
---------------+-------------------------+-----
Fighting       | 1 2 |  2.6
Dodging        | 3 4 5 6 7 |  7.0
Stealth        | 4 5 6 8 |  8.1
Unarmed Combat | 4 5 6 7 9 |  9.1
Spellcasting   | 3 4 5 6 9 |  9.1
Fire Magic     | 7 8 10 11 13 | 13.5
Conjurations   | 2 4 |  4.9
Long Blades    | 1 |  1.5
Hexes          | 1 |  1.1

Action                   |  1- 3 |  4- 6 |  7- 9 || total
-------------------------+-------+-------+-------++-------
Melee: Unarmed           |     6 |    13 |     7 ||    26
       Constrict         |     1 |     3 |     4 ||     8
       Tentacles         |       |     4 |     1 ||     5
       Great sword       |       |       |     1 ||     1
       Punch             |       |       |     1 ||     1
 Cast: Foxfire           |       |       |    25 ||    25
       Flame Wave        |       |       |     6 ||     6
       Scorch            |       |       |     2 ||     2
       Conjure Flame     |       |       |     1 ||     1
       Inner Flame       |       |       |     1 ||     1
  Use: Potion            |     2 |       |     3 ||     5
       Scroll            |       |       |     2 ||     2
 Stab: Sleeping          |       |       |     3 ||     3
Armor: Skin              |       |     1 |       ||     1
Dodge: Dodged            |     2 |       |     9 ||    11
Block: Other             |       |       |     1 ||     1

Table legend: (Time is in decaauts)
 A = Elapsed time spent in this place.
 B = Non-inter-level travel time spent in this place.
 C = Inter-level travel time spent in this place.
 D = Time resting spent in this place.
 E = Time spent auto-exploring this place.
 F = Levels seen in this place.
 G = Mean time per level.
                   A        B        C        D        E       F      G
               +--------+--------+--------+--------+--------+-----+--------+
         Total |    363 |    363 |      0 |      7 |      0 |   1 |  363.0 |
       Dungeon |    363 |    363 |      0 |      7 |      0 |   1 |  363.0 |
               +--------+--------+--------+--------+--------+-----+--------+

Top non-repeatable levels by time:
       D: 363 daAuts
